 Dungeon Crawl Stone Soup version 0.29.0-4-gdea44cf6ec (webtiles) character file.

Game seed: 1386076427803420077

684 qw the Cleaver (level 7, -2/91 HPs)
             Began as a Minotaur Berserker on Sept 8, 2022.
             Was a Believer of Trog.
             Slain by a yak (3 damage)
             ... on level 6 of the Dungeon.
             The game lasted 00:01:05 (3197 turns).

qw the Cleaver (Minotaur Berserker)                 Turns: 3197, Time: 00:01:05

Health: -2/91      AC:  8    Str: 23    XL:     7   Next: 35%
Magic:  6/6        EV:  8    Int:  4    God:    Trog [**....]
Gold:   126        SH:  0    Dex: 10    Spells: 6/6 levels left

rFire   . . .      SeeInvis .   Y - +0 war axe
rCold   . . .      Faith    .   (no shield)
rNeg    . . .      Spirit   .   c - +0 chain mail
rPois   .          Reflect  .   (helmet restricted)
rElec   .          Harm     .   (no cloak)
rCorr   .          Rampage  .   (no gloves)
Will    .....                   (no boots)
Stlth   ..........              (no amulet)
HPRegen 0.25/turn               (no ring)
MPRegen 0.10/turn               (no ring)

@: berserking, very quick
A: horns 2, retaliatory headbutt
a: Renounce Religion, Berserk, Trog's Hand


You were on level 6 of the Dungeon.
You worshipped Trog.
Trog was pleased with you.
You visited 1 branch of the dungeon, and saw 5 of its levels.

You collected 126 gold pieces.


Innate Abilities, Weirdness & Mutations

You have a pair of horns on your head.
You reflexively headbutt those who attack you in melee.


   Skills:
 - Level 5.3 Fighting
 - Level 9.6 Axes
 + Level 2.4 Armour
 - Level 2.1 Dodging


You had 6 spell levels left.
You didn't know any spells.
Your spell library was empty.

Inventory:

Hand Weapons
 d - a +0 flail
 Y - a +0 war axe (weapon)
Armour
 c - a +0 chain mail (worn)
Scrolls
 e - a scroll of noise {unknown}
Potions
 a - a potion of curing
 b - a potion of cancellation {unknown}
 f - a potion of magic {unknown}
 g - a potion of lignification {unknown}
 h - a potion of ambrosia {unknown}
 j - a potion of might {unknown}

Dungeon Overview and Level Annotations

Branches:
Dungeon (4/15)
 Temple: D:4-7

Altars:
Elyvilon
Uskayaw
Yredelemnul


Message History

A yak comes into view.
The yak bellows!
You hit the yak but do no damage. The yak gores you!
You slash the yak!
The yak is heavily wounded.
The yak gores you.
You hit the yak. Your headbutt misses the yak.
The yak is heavily wounded.
The yak gores you!
3191 ||| INVOKING Berserk.
A red film seems to cover your vision as you go berserk!
You feel yourself moving faster!
You feel mighty!
The yak gores you but does no damage. x2
You slash the yak!
The yak is almost dead.
You hit the yak. You slash the yak!
You kill the yak!
Trog accepts your kill.
You hit the yak but do no damage. The yak gores you!
Your Fighting skill increases to level 5!
You slash the yak!
The yak is severely wounded.
You barely miss the yak. The yak gores you! The yak gores you.
You hit the yak. Your headbutt misses the yak.
The yak is severely wounded.
You hit the yak. You barely miss the yak.
The yak is severely wounded.
You hit the yak. The yak gores you. The yak gores you!
You hit the yak. You headbutt the yak.
The yak is almost dead.
You barely miss the yak. The yak completely misses you.
You furiously retaliate!
You headbutt the yak! The yak gores you.
You die...

. #. . #. ##.. . #.#
#..# ..# .. ##...#
....# .#..... .
#...###YY.# .. .
#.....@Y# .# ..
###...### ..#
..#..#.#..#...#
###...#.#...###
#.....#.#.....# ###
..###...###...# #...
#...#%#...#.)..
...###...#.#...###..
#..#...#.#...# .


You could see 3 yaks.

Vanquished Creatures
  2 yaks (D:6)
  A sky beast (D:6)
  A scorpion (D:6)
  A necrophage (D:3)
  A hound (D:6)
  2 orc priests (D:3)
  5 adders
  A worm (D:2)
  3 orcs
  4 endoplasms
  4 giant cockroaches
  7 goblins
  4 hobgoblins
  2 jackals (D:1)
  2 quokkas
  5 ball pythons
  9 bats
  4 frilled lizards
  3 kobolds
  7 rats
68 creatures vanquished.

Vanquished Creatures (others)
  2 plants (D:2)
2 creatures vanquished.

Grand Total: 70 creatures vanquished

Notes
Turn   | Place    | Note
-------+----------+-------------------------------------------
     0 | D:1      | qw the Minotaur Berserker began the quest for the Orb.
     0 | D:1      | Reached XP level 1. HP: 19/19 MP: 0/0
     0 | D:1      | 0 ||| qw: Version: 0.1-a-112-g44dc6cd
     0 | D:1      | 0 ||| qw: Game counter: 6747
     0 | D:1      | 0 ||| qw: Always use a shield: true
     0 | D:1      | 0 ||| qw: Do Orc after D:15 true
     0 | D:1      | 0 ||| qw: Do second Lair branch before Depths: true
     0 | D:1      | 0 ||| qw: Lair rune preference: random
     0 | D:1      | 0 ||| qw: Plans: Normal
     0 | D:1      | 0 ||| PLANNING D:1-11
    14 | D:1      | 14 ||| Stepping ~*~*~tactically~*~*~ (stealth).
    25 | D:1      | 25 ||| INVOKING Berserk.
    27 | D:1      | Reached skill level 4 in Axes
   240 | D:1      | 240 ||| Stepping ~*~*~tactically~*~*~ (stealth).
   242 | D:1      | 242 ||| Stepping ~*~*~tactically~*~*~ (stealth).
   244 | D:1      | 244 ||| Stepping ~*~*~tactically~*~*~ (stealth).
   249 | D:1      | 249 ||| Stepping ~*~*~tactically~*~*~ (stealth).
   251 | D:1      | 251 ||| Stepping ~*~*~tactically~*~*~ (stealth).
   258 | D:1      | 258 ||| Stepping ~*~*~tactically~*~*~ (stealth).
   260 | D:1      | 260 ||| Stepping ~*~*~tactically~*~*~ (stealth).
   264 | D:1      | Reached XP level 2. HP: 25/26 MP: 1/1
   293 | D:1      | 293 ||| Stepping ~*~*~tactically~*~*~ (stealth).
   330 | D:1      | 330 ||| Stepping ~*~*~tactically~*~*~ (stealth).
   829 | D:1      | Reached skill level 5 in Axes
   881 | D:1      | 881 ||| DROPPING +0 club.
   900 | D:1      | Reached XP level 3. HP: 29/31 MP: 2/2
   945 | D:1      | 945 ||| Stepping ~*~*~tactically~*~*~ (stealth).
   949 | D:1      | Reached ** piety under Trog
   958 | D:1      | 958 ||| UPGRADING to +0 chain mail.
   968 | D:1      | 968 ||| DROPPING +0 animal skin.
   969 | D:1      | 969 ||| READING scroll labelled IFUJIV ZEER.
   972 | D:1      | 972 ||| READING scroll labelled WEUJAAMOAS.
   992 | D:2      | 992 ||| Stepping ~*~*~tactically~*~*~ (stealth).
   994 | D:2      | 994 ||| Stepping ~*~*~tactically~*~*~ (stealth).
  1109 | D:2      | 1109 ||| Stepping ~*~*~tactically~*~*~ (stealth).
  1159 | D:2      | 1159 ||| DROPPING +0 whip.
  1278 | D:2      | 1278 ||| FLEEEEING.
  1279 | D:2      | 1279 ||| FLEEEEING.
  1280 | D:2      | 1280 ||| FLEEEEING.
  1281 | D:2      | 1281 ||| FLEEEEING.
  1282 | D:2      | 1282 ||| FLEEEEING.
  1288 | D:2      | 1288 ||| FLEEEEING.
  1344 | D:2      | 1344 ||| Stepping ~*~*~tactically~*~*~ (stealth).
  1348 | D:2      | 1348 ||| Stepping ~*~*~tactically~*~*~ (stealth).
  1374 | D:2      | Found a faded altar of an unknown god.
  1764 | D:2      | 1764 ||| INVOKING Berserk.
  2157 | D:2      | 2157 ||| READING scroll labelled IRUSHE ANLOOGA.
  2158 | D:2      | 2158 ||| READING scroll labelled WUVVUL SIMAUC.
  2159 | D:2      | 2159 ||| READING scroll labelled AJIUTAW QOWAY.
  2160 | D:2      | 2160 ||| DRINKING 2 cyan potions.
  2161 | D:2      | 2161 ||| DRINKING 2 metallic emerald potions.
  2162 | D:2      | 2162 ||| DROPPING potion of brilliance.
  2231 | D:3      | Reached XP level 4. HP: 39/39 MP: 3/3
  2256 | D:3      | Found a white marble altar of Elyvilon.
  2309 | D:3      | Reached skill level 6 in Axes
  2311 | D:3      | 2311 ||| INVOKING Berserk.
  2403 | D:3      | 2403 ||| SWAPPING to +0 war axe.
  2404 | D:3      | 2404 ||| DROPPING +0 vorpal hand axe.
  2405 | D:3      | Found a basalt altar of Yredelemnul.
  2431 | D:3      | 2431 ||| Stepping ~*~*~tactically~*~*~ (stealth).
  2560 | D:3      | Noticed a necrophage
  2570 | D:3      | Killed a necrophage
  2571 | D:3      | Reached skill level 7 in Axes
  2571 | D:3      | Reached XP level 5. HP: 43/45 MP: 4/4
  2915 | D:3      | Found a hide-covered altar of Uskayaw.
  2917 | D:3      | 2917 ||| READING scroll labelled ZOOMMO LUXIDASCH.
  2956 | D:4      | You fall into a shaft and drop 2 floors!
  2979 | D:6      | Reached skill level 8 in Axes
  2979 | D:6      | Reached XP level 6. HP: 31/52 MP: 5/5
  3111 | D:6      | Noticed a sky beast
  3117 | D:6      | Killed a sky beast
  3177 | D:6      | Noticed a yak
  3181 | D:6      | Noticed a yak
  3181 | D:6      | Noticed a yak
  3183 | D:6      | Noticed a yak
  3185 | D:6      | Killed a yak
  3186 | D:6      | Reached skill level 9 in Axes
  3186 | D:6      | Reached XP level 7. HP: 42/59 MP: 6/6
  3186 | D:6      | Noticed a yak
  3191 | D:6      | 3191 ||| INVOKING Berserk.
  3193 | D:6      | Killed a yak
  3194 | D:6      | HP: 16/91 [yak (10)]
  3196 | D:6      | HP: 1/91 [yak (10)]
  3197 | D:6      | Slain by a yak

Levels and vault maps discovered:
D:1:      psy_arrival_whirlpool, layout_loops_ring
D:2:      layout_loops_ring, basic_ecumenical_altar, serial_forest,
          infiniplex_forest_straight_2, infiniplex_forest_end_1,
          infiniplex_forest_lined_3, infiniplex_forest_clump_tiny,
          infiniplex_forest_join, infiniplex_forest_clump_C,
          infiniplex_forest_diagonal, infiniplex_forest_end_2,
          infiniplex_forest_zigzag_1, chequers_serial_rivers_micro_a,
          nicolae_concentric_dashed_squares_mild
D:3:      layout_loops_ring, mainiacjoe_overflow_concentric_impassable,
          lemuel_coloured_pillars_altar, nicolae_elyvilon_peaceful_grove,
          lightli_corner_chamber
D:4:      layout_basic, mainiacjoe_overflow_two_lobes,
          mainiacjoe_overflow_alcove_4, uniq_duvessa
D:6:      wander_guarded_unrand_ratskin, layout_basic,
          gammafunk_ghost_necromancy, nicolae_titane

Skill      XL: |  1  2  3  4  5  6  7 |
---------------+----------------------+-----
Axes           | 4 5 7 8 9 |  9.6
Fighting       | 4 5 |  5.3
Armour         | |  2.4
Dodging        | |  2.1

Action                   |  1- 3 |  4- 6 |  7- 9 || total
-------------------------+-------+-------+-------++-------
Melee: Hand axe          |   110 |    10 |       ||   120
       Headbutt          |     8 |     6 |     1 ||    15
       Punch             |     1 |     1 |       ||     2
       War axe           |       |    48 |     9 ||    57
Invok: Berserk           |     2 |     1 |     1 ||     4
  Use: Scroll            |     5 |     1 |       ||     6
       Potion            |     2 |       |       ||     2
Armor: Animal skin       |    15 |       |       ||    15
       Chain mail        |    22 |    26 |     2 ||    50
Dodge: Dodged            |    46 |    14 |     1 ||    61

Table legend:
 A = Non-vault XP
 B = Vault XP
 C = Vault XP percentage of total XP
 D = Non-vault monster count
 E = Vault monster count
 F = Vault count percentage of total count
                 A         B        C        D         E       F
            +---------+---------+-------+---------+---------+-------
      Total |     978 |       0 |   0.0 |      68 |       0 |   0.0
            +---------+---------+-------+---------+---------+-------
        D:1 |      45 |       0 |   0.0 |      29 |       0 |   0.0
        D:2 |      35 |       0 |   0.0 |      14 |       0 |   0.0
        D:3 |     229 |       0 |   0.0 |      18 |       0 |   0.0
        D:6 |     669 |       0 |   0.0 |       7 |       0 |   0.0
            +---------+---------+-------+---------+---------+-------
